[Event "4NCL Spring GM Round Robin 2024"]
[Site "Peterborough"]
[Date "2024.03.23"]
[Round "1.1"]
[White "Makkar, Rajat"]
[Black "Gumularz, Szymon"]
[Result "1/2-1/2"]
[ECO "E21"]
[WhiteElo "2434"]
[BlackElo "2590"]
[Annotator "TA"]
[PlyCount "70"]
[EventDate "2024.03.22"]
[EventType "tourn"]
[EventCountry "ENG"]
[SourceTitle "playchess.com"]
[Source "ChessBase"]
[SourceQuality "1"]
[TimeControl "5400+30"]

1. d4 Nf6 2. c4 e6 3. Nc3 Bb4 4. e3 O-O 5. Bd2 b6 6. Nf3 Bxc3 7. Bxc3 Ne4 8. Qc2 Nxc3 9. Qxc3 Bb7 10. Bd3 f5 11. O-O-O Qf6 12. Kb1 c5 13. dxc5 Qxc3 14. bxc3 bxc5 15. Bc2 {[%emt 0:00:00] The position is equal.} Kf7 16. e4 fxe4 17. Ng5+ Ke7 18. Nxe4 Bxe4 19. Bxe4 Nc6 20. Bxc6 dxc6 $11 {[%emt 0:00:09][%mdl 4096] Endgame. KRR-KRR} 21. Rd2 Rf4 22. Re1 Raf8 23. f3 Rxc4 24. Rde2 Rb8+ 25. Kc2 Ra4 26. Rxe6+ Kf7 27. Rxc6 Rxa2+ 28. Kd3 Rxg2 29. Rxc5 Rd8+ ({Don't take} 29... Rxh2 30. Rc7+ Kg8 31. Rg1 $17) 30. Kc4 Rxh2 31. Rc7+ Kg8 32. Rg1 g6 33. Ra1 Rh4+ 34. Kc5 Rh5+ 35. Kc6 Rf8 {[%emt 0:09:41] Weighted Error Value: White=0.03 (flawless) /Black=0.03 (flawless) .  Inaccurate:     	White=1     	Black=1      OK:         	White=15    	Black=14     Best:        	White=4     	Black=2} 1/2-1/2

[Event "4NCL Spring GM Round Robin 2024"]
[Site "Peterborough"]
[Date "2024.03.23"]
[Round "1.2"]
[White "Kalavannan, Koby"]
[Black "Royal, Shreyas"]
[Result "0-1"]
[ECO "D02"]
[WhiteElo "2324"]
[BlackElo "2457"]
[Annotator "TA"]
[PlyCount "108"]
[EventDate "2024.03.22"]
[EventType "tourn"]
[EventCountry "ENG"]
[SourceTitle "playchess.com"]
[Source "ChessBase"]
[SourceQuality "1"]
[TimeControl "5400+30"]

1. d4 d5 2. Nf3 Nf6 3. g3 c5 4. Bg2 cxd4 5. O-O h6 6. Bf4 e6 7. Nxd4 g5 8. Be5 {[%emt 0:00:00] Zielt auf Nb5 ab. Die Stellung ist ausgeglichen.} Nbd7 9. Bxf6 Nxf6 {[%emt 0:00:40] [#]} 10. c4 $1 Bg7 (10... dxc4 11. Nc3) 11. Qa4+ Bd7 12. Qb4 Qb6 13. Qxb6 axb6 14. Na3 Ke7 15. Rfd1 Ra4 16. Rac1 {[%emt 0:00:00] Schwarz hat alles unter Kontrolle.} ({Günstiger ist} 16. cxd5 $15 Nxd5 17. e3) 16... Rc8 $17 17. e3 dxc4 18. Bxb7 Rc5 {[%emt 0:00:07][%cal Oc4c3] [#] Und ...c3! würde nun gewinnen.} 19. Ne2 (19. Rc2 $17) 19... b5 20. Bg2 (20. Nd4 {war einen Versuch wert.}) 20... Nd5 $19 21. Nd4 Nb4 22. Rd2 (22. Bf1 {ist wohl besser.}) 22... Nxa2 23. Rcd1 Be8 24. Nb1 Ra7 25. f4 b4 26. b3 (26. Be4 {war angesagt.}) 26... cxb3 27. Nxb3 Rcc7 28. Nd4 Nc3 29. Rf1 (29. Nxc3 bxc3 (29... Rxc3 $2 30. Rb2 $19) 30. Rf2) 29... Bxd4 30. exd4 Bb5 31. Re1 Ra1 32. Rb2 Bd3 33. Rxb4 Rxb1 34. Rbxb1 Bxb1 35. fxg5 hxg5 36. d5 Ba2 37. dxe6 fxe6 38. h4 (38. Bf3 $142) 38... g4 39. Re5 Bd5 40. Rg5 Bxg2 41. Kxg2 {[%emt 0:00:41][%mdl 4096] Endspiel. KRN-KR} Rc4 42. h5 Kf6 43. Rg8 Kf7 44. Rg5 Kf6 45. Rg8 Nd5 {[%emt 0:00:26] Schwarz steht klar auf Gewinn.} 46. h6 Rc7 47. Kf2 Rh7 48. Rxg4 Rxh6 49. Kf3 Rh1 50. Rg8 Ra1 51. Rf8+ Ke5 {[%emt 0:00:01] ( -> ...Rf1+)} 52. Kg4 Nf6+ 53. Kf3 Ra3+ 54. Kf2 Ne4+ {[%emt 0:00:03] Gewichteter Fehlerwert: Weiß=0.67/Schwarz=0.27 (präzise) .  Fehler:       	Weiß=7     	---        Ungenau:       	Weiß=3     	Schwarz=1     OK:         	Weiß=9     	Schwarz=16    Bester:       	---       	Schwarz=6} 0-1

[Event "4NCL Spring GM Round Robin 2024"]
[Site "Peterborough"]
[Date "2024.03.23"]
[Round "1.3"]
[White "Chow, Samuel"]
[Black "Wadsworth, Matthew J"]
[Result "0-1"]
[ECO "D10"]
[WhiteElo "2356"]
[BlackElo "2450"]
[Annotator "TA"]
[PlyCount "122"]
[EventDate "2024.03.22"]
[EventType "tourn"]
[EventCountry "ENG"]
[SourceTitle "playchess.com"]
[Source "ChessBase"]
[SourceQuality "1"]
[TimeControl "5400+30"]

1. d4 d5 2. c4 c6 3. Nc3 Nf6 4. e3 Bf5 5. cxd5 cxd5 6. Qb3 Nc6 7. Qxb7 Bd7 8. Qb3 Rb8 {[%emt 0:00:06] Weiß hat minimalen Vorteil.} 9. Qd1 e5 10. dxe5 Nxe5 11. Be2 Bd6 12. Nf3 (12. Nxd5 $2 Nxd5 13. h3 (13. Qxd5 $2 Bc6 $19) 13... Qa5+ 14. Kf1 Bb5 $19) 12... Nxf3+ 13. Bxf3 Qc7 14. h3 (14. Bxd5 O-O $11) 14... O-O 15. O-O (15. Bxd5 Rfd8 (15... Nxd5 16. Nxd5 Qc4 17. Nf6+ gxf6 18. Qxd6 $11) 16. O-O Bc6 $15) 15... Rfd8 $1 16. Qe2 (16. Bxd5 Bc6 17. Bxc6 (17. e4 Nxe4 18. Nxe4 Bh2+ 19. Kh1 Rxd5 $15) 17... Bh2+ 18. Kh1 Rxd1 (18... Qxc6 19. Qf3 $16) 19. Rxd1 Bg3 $16) 16... Bh2+ 17. Kh1 Be5 18. Rd1 (18. Bxd5 $2 Bxc3 19. Bxf7+ Kxf7 $19) (18. Nxd5 $2 Nxd5 19. a4 (19. Bxd5 $2 Bb5 $19) 19... Nb4 $19) 18... Be6 19. Kg1 Bh2+ 20. Kh1 Be5 21. Kg1 Qe7 22. Nb5 Bd7 23. a4 $36 {[%emt 0:04:21][%mdl 2048] Weiss kämpft um Vorteil.} (23. Nxa7 $2 Qc5 (23... Ba4 $2 24. Nc6 $19) 24. a4 (24. Qa6 $2 Ra8 $19) 24... Qxa7 $19) 23... Rb6 24. Bd2 {[%emt 0:05:58] [#] Und Ba5 würde nun gewinnen.} (24. Nxa7 $2 {geht unter.} Ra8 25. a5 Rxa7 $19) 24... Rdb8 $1 25. Bc3 a6 26. Bxe5 (26. Nd4 {sieht schärfer aus.} Ne4 27. Qd3 Qh4 28. Bxe4 dxe4 29. Nf3) 26... Qxe5 27. Nd4 Ne4 28. Bxe4 dxe4 29. f4 (29. Rd2 $16) 29... exf3 $11 30. Nxf3 Qe8 (30... Qxb2 $2 {verliert.} 31. Qxb2 Rxb2 32. Rxd7 $18) 31. Rd2 Bxa4 32. Nd4 h6 33. Ra3 (33. Nf5 {hält die Spannung aufrecht.} Bc6 34. Qg4 Qe5 35. Qf4) 33... Bc6 34. Nxc6 Qxc6 35. Rc3 Qe4 36. Rdc2 Kh7 37. Rc4 Qe6 38. Qd3+ g6 39. Re4 Qa2 40. Re7 Rxb2 41. Rxb2 {[%emt 0:06:22] Schwarz hat alles unter Kontrolle.} (41. Qd7 $1 $15 Qa1+ (41... Rxc2 42. Rxf7+ $11) 42. Kh2 Rxc2 43. Rxf7+ Kg8 44. Qe6) 41... Rxb2 $15 {[%emt 0:00:08][%mdl 4096] Endspiel. KQR-KQR} 42. Qe4 (42. Qf1 {war angesagt.}) 42... Qb1+ 43. Qxb1 Rxb1+ $19 {[%emt 0:00:10] KR-KR} 44. Kf2 Kg7 45. Ra7 Ra1 46. e4 a5 47. e5 Kf8 {[%emt 0:00:01] Droht stark ...a4.} 48. Ke2 $2 (48. Ke3) 48... a4 49. Kd3 a3 {[%emt 0:01:18] [#] ...a2 ist eine echte Drohung.} 50. Kc3 h5 51. h4 (51. Kc4 {ist eine bessere Verteidigung.}) 51... a2 52. Kb2 {[%emt 0:00:28] Verhindert Rc1} (52. Kb3 $142) 52... Rg1 53. Kxa2 Rxg2+ 54. Kb3 Rg4 55. Kc3 Rxh4 56. Kd3 Rf4 57. Ke3 g5 58. Ra5 h4 59. e6 f6 (59... fxe6 60. Rxg5 Rb4 61. Kf3 $19) 60. Ra7 h3 61. Rh7 Rh4 {[%emt 0:00:07] Gewichteter Fehlerwert: Weiß=0.68/Schwarz=0.07 (makellos) .  Fehler:       	Weiß=6     	---        Ungenau:       	Weiß=3     	Schwarz=2     OK:         	Weiß=24    	Schwarz=15    Bester:       	Weiß=1     	Schwarz=10    Stark:        	---       	Schwarz=2} 0-1

[Event "4NCL Spring GM Round Robin 2024"]
[Site "Peterborough"]
[Date "2024.03.23"]
[Round "1.4"]
[White "Teclaf, Pawel"]
[Black "Agdelen, Huseyin Can"]
[Result "1-0"]
[ECO "A13"]
[WhiteElo "2556"]
[BlackElo "2408"]
[Annotator "TA"]
[PlyCount "65"]
[EventDate "2024.03.22"]
[EventType "tourn"]
[EventCountry "ENG"]
[SourceTitle "playchess.com"]
[Source "ChessBase"]
[SourceQuality "1"]
[TimeControl "5400+30"]

1. c4 e6 2. g3 d5 3. Bg2 Nf6 4. Nf3 d4 5. O-O c5 6. e3 Nc6 7. exd4 cxd4 8. d3 Bc5 9. Bg5 h6 10. Bxf6 Qxf6 {[%emt 0:00:04] The position is equal.} 11. Nbd2 Qe7 12. Nb3 Bb6 13. Rc1 Qd8 14. Qe2 (14. c5 $5 Bc7 15. Nbd2 $11) 14... O-O 15. Ne5 Bd7 {[%emt 0:09:30] Black is now going downhill.} ({Black should try} 15... Nxe5 $14 16. Qxe5 f6) 16. Nxc6 $16 Bxc6 17. Bxc6 bxc6 {[%emt 0:00:05] [#]} 18. c5 $1 Bc7 19. Qe4 Qd5 20. Nxd4 Qxa2 21. Nxc6 {[%emt 0:08:28] White is more active.} Qxb2 (21... a5 $16 22. d4 Qb3) 22. Rb1 $18 Qa3 23. Qc4 Bd8 24. Rfc1 Bf6 {[%emt 0:02:13] Repels Rc3} 25. Rc2 $36 {[%emt 0:00:11][%mdl 2048] White is on the roll.} (25. d4 Qf3 26. Ne5 Bxe5 27. dxe5 a5 $16) 25... Rac8 (25... a5 {might work better.} 26. Ra2 Qc3) 26. Ra2 Qxa2 27. Qxa2 Rxc6 28. Qxa7 {[%emt 0:05:41] [#] And now Rb8 would win.} Rfc8 29. Rb5 R6c7 30. Qa4 g6 31. d4 Bg7 $2 (31... Rd8 32. Rb4 Kh7) 32. Qb4 Rd7 33. Rb8 {[%emt 0:00:09] Weighted Error Value: White=0.03 (flawless) /Black=0.44.  Mistake:       	---       	Black=4      Inaccurate:     	---       	Black=2      OK:         	White=14    	Black=9      Best:        	White=2     	Black=1      Strong:       	White=1     	---} 1-0

[Event "4NCL Spring GM Round Robin 2024"]
[Site "Peterborough"]
[Date "2024.03.23"]
[Round "1.5"]
[White "Harvey, Marcus R"]
[Black "Cherniaev, Alexander"]
[Result "1-0"]
[ECO "A42"]
[WhiteElo "2468"]
[BlackElo "2375"]
[Annotator "TA"]
[PlyCount "109"]
[EventDate "2024.03.22"]
[EventType "tourn"]
[EventCountry "ENG"]
[SourceTitle "playchess.com"]
[Source "ChessBase"]
[SourceQuality "1"]
[TimeControl "5400+30"]

1. c4 g6 2. e4 Bg7 3. d4 d6 4. Nc3 e5 5. d5 h5 6. Bd3 Bh6 7. Bxh6 Nxh6 8. Qd2 {[%emt 0:00:05] White is slightly better.} Nd7 9. Bc2 Ng4 10. Nf3 Ngf6 11. Ng5 h4 12. O-O-O Nh7 13. Nxh7 Rxh7 14. Rdf1 a6 15. g3 Nb6 16. Bd3 Bh3 17. Rfg1 {[%emt 0:00:48] aiming for g4.} Bg4 {[%emt 0:00:00] ...Bf3 would now be deadly.} 18. h3 Bd7 19. f4 {[%emt 0:00:20] Black must now prevent fxe5.} Qe7 20. g4 Kf8 (20... exf4 $14 21. Rf1 (21. Qxf4 O-O-O $16) 21... O-O-O) 21. Rf1 $16 exf4 22. Qxf4 Na4 23. Nxa4 Bxa4 {[%emt 0:00:00] [#]} 24. c5 Bb5 $14 25. cxd6 cxd6 26. Bxb5 (26. Kd2 $14) 26... axb5 $11 27. Kb1 Ra4 28. Re1 Kg7 29. Rhf1 Rh8 30. Qf3 (30. b3 $11 Rd4 31. g5) 30... Rd4 (30... Re8 $1 $17 31. Ka1 Rea8 (31... Rxe4 32. Rxe4 Qxe4 33. Qxf7+ Kh6 34. Qf2 $11) 32. Qc3+ Kg8) 31. g5 Re8 32. Ka1 (32. Qc3 $5 Qe5 $8 33. Qf3 $15) 32... Rc8 (32... Qxg5 33. Qxf7+ Kh6 34. Qxe8 Qe5 35. Qxe5 (35. Qxb5 Rd2 $18) 35... dxe5 36. Rd1 Rxe4 37. d6) 33. Qf2 $36 {[%emt 0:02:35][%csl LRd4,LRh4][%mdl 2048] White fights for an advantage.} Ra4 (33... Rxe4 $2 34. Qf6+ Qxf6 35. gxf6+ Kh7 36. Rxe4 $18) (33... Rcc4 $2 34. b3 Rb4 35. a3 $18 (35. Qxh4 $2 Qe5 $19)) 34. b3 {[%emt 0:04:28] Really sharp!} Ra6 (34... Qe5+ $11 35. Kb1 Rxe4 36. Qxf7+ Kh8) 35. Kb1 $1 $16 (35. Qxh4 $2 Rc2 $19) 35... Rc3 $2 {[%emt 0:01:15][%mdl 8192] [#]} (35... Kg8 $16) 36. Qf6+ $2 (36. e5 $1 $18 dxe5 (36... Qxg5 $2 37. Qxf7+ Kh6 38. Qf8+ Kh5 39. exd6 $18) 37. Rxe5) 36... Qxf6 $11 37. Rxf6 {[%emt 0:00:10][%mdl 4096] Endgame. KRR-KRR} b4 (37... Rxh3 $2 {loses.} 38. Ref1 Ra8 39. Rxf7+ Kg8 40. R7f6 $18 (40. Rxb7 Rg3 $14)) (37... Rg3 $11) 38. Ref1 $16 Rc7 39. R6f4 Ra5 40. Rxh4 Rac5 41. Rhf4 {[%emt 0:01:25] White is more active.} Rc3 42. R4f3 b5 43. h4 Re7 44. Rxc3 bxc3 {[%emt 0:00:06] KR-KR} 45. Re1 (45. Rf4 $16 {a3 is the strong threat.} Ra7 46. Rf6) 45... f5 $2 {[%emt 0:01:08] [#]} (45... b4 $1 $14) 46. gxf6+ $2 (46. a3 $1 $18) 46... Kxf6 $11 47. a3 Ke5 48. Kc2 Ra7 $2 (48... Rh7 $1 $11) 49. Kxc3 $18 {[%emt 0:00:53] White is clearly winning.} Rxa3 (49... Rh7 $142 50. Kb4 Rxh4) 50. Kb4 Ra8 51. Kxb5 Rb8+ 52. Kc6 Rxb3 53. Rg1 Rc3+ 54. Kd7 Kxe4 55. Ke6 {[%emt 0:01:01] Weighted Error Value: White=0.34/Black=0.55.  Loses game:     	---       	Black=3      Missed win:     	White=2     	---        Mistake:       	White=4     	Black=5      Inaccurate:     	---       	Black=3      OK:         	White=15    	Black=16     Best:        	White=5     	Black=2      Strong:       	White=1     	---} ({Inferior is} 55. Rxg6 Kxd5 56. h5 (56. Rxd6+ Ke5 $11) 56... Ke5 $11) 1-0

[Event "4NCL Spring GM Round Robin 2024"]
[Site "Peterborough"]
[Date "2024.03.24"]
[Round "2.1"]
[White "Gumularz, Szymon"]
[Black "Cherniaev, Alexander"]
[Result "1-0"]
[ECO "C41"]
[WhiteElo "2590"]
[BlackElo "2375"]
[Annotator "TA"]
[PlyCount "55"]
[EventDate "2024.03.22"]
[EventType "tourn"]
[EventCountry "ENG"]
[SourceTitle "playchess.com"]
[Source "ChessBase"]
[SourceQuality "1"]
[TimeControl "5400+30"]

1. d4 d6 2. e4 Nf6 3. Nc3 e5 4. Nf3 Nbd7 5. Rg1 c6 6. g4 Qa5 7. Bd2 Qb6 8. g5 {[%emt 0:00:23] White is slightly better.} Nh5 9. a3 g6 10. Be3 Qc7 (10... Qxb2 $2 {loses.} 11. Na4 $18) 11. Qd2 a6 12. Ne2 {[%emt 0:03:39] White is more active.} (12. O-O-O $16) 12... Be7 13. Ng3 Ng7 14. h4 b5 15. O-O-O Bb7 ({Black should try} 15... c5 $14) 16. Bh3 Ne6 {[%emt 0:03:10] [#]} 17. Nf5 $1 gxf5 18. exf5 e4 {[%emt 0:09:24] This move loses the game for Black.} (18... Nxd4 $16 {is a better defense.} 19. Nxd4 c5 (19... exd4 $2 {perishes.} 20. Bxd4 O-O-O 21. Bxh8 $18)) 19. fxe6 $18 fxe6 20. Nh2 Nf8 (20... Nb6 $142 21. Bxe6 Bc8) 21. Ng4 O-O-O 22. h5 {[%emt 0:00:04] Prevents Ng6} Kb8 23. Nh6 Re8 24. d5 {[%emt 0:02:58] [#] Qd4 is the strong threat.} exd5 (24... e5 $142 25. dxc6 Bxc6) 25. Bd4 {[%emt 0:00:20] White is clearly winning.} Nd7 26. Bxh8 Rxh8 27. g6 {[%emt 0:00:28] Threatens to win with g7.} hxg6 28. hxg6 {[%emt 0:00:06] Weighted Error Value: White=0.21 (precise) /Black=0.42.  Mistake:       	White=1     	Black=4      Inaccurate:     	White=1     	Black=3      OK:         	White=10    	Black=2      Best:        	White=4     	Black=2} 1-0

[Event "4NCL Spring GM Round Robin 2024"]
[Site "Peterborough"]
[Date "2024.03.24"]
[Round "2.2"]
[White "Agdelen, Huseyin Can"]
[Black "Harvey, Marcus R"]
[Result "0-1"]
[ECO "B15"]
[WhiteElo "2408"]
[BlackElo "2468"]
[Annotator "TA"]
[PlyCount "78"]
[EventDate "2024.03.22"]
[EventType "tourn"]
[EventCountry "ENG"]
[SourceTitle "playchess.com"]
[Source "ChessBase"]
[SourceQuality "1"]
[TimeControl "5400+30"]

1. e4 c6 2. d4 d5 3. Nc3 dxe4 4. Nxe4 Nf6 5. Nxf6+ exf6 6. c3 Bd6 7. Bd3 O-O 8. Qc2 Re8+ 9. Ne2 h5 10. Be3 Nd7 {[%emt 0:00:05] Weiß hat minimalen Vorteil.} 11. O-O-O Nf8 12. Kb1 Be6 13. c4 Rc8 14. a3 Ng6 15. Nc3 Ne7 16. Rhe1 a6 17. h3 h4 18. Bc1 b5 19. Rxe6 fxe6 20. Qe2 $1 Qd7 21. Ne4 Nf5 22. Qg4 Be7 (22... Nxd4 23. Nxf6+ Kf7 24. Qg6+ (24. Nxd7 c5 $18) (24. Qxd4 gxf6 25. c5 Rh8 $18) (24. Nxe8 Kxe8 25. Bg6+ Kd8 $18) 24... Kf8 25. Nxd7+ Ke7 26. Qxg7+ Kd8 27. Bg5+ (27. Qxd4 Rc7 28. Nb6 Rd7 29. Nxd7 Kxd7 30. Bf4 Re7 31. Qxd6+ Ke8 32. Bg6+ Kf8 33. Bh6+ Kg8 34. Qd8+ Re8 35. Qxe8#) 27... Re7 28. Bxe7+ Kc7 29. Bxd6+ (29. Qxd4 Bxe7 30. Qa7+ Kd8) 29... Kxd6 30. Qxd4+) (22... Kf8 $11) 23. Qh5 ({Weiss kommt nicht vorbei an} 23. Qg6 $1 $16) 23... Red8 {[%emt 0:00:00] Und ...Qe8 würde nun gewinnen.} (23... Nxd4 $2 24. Ng5 Bc5 (24... fxg5 $2 25. Bg6 $18) 25. Bg6 $18 (25. Bh7+ Kf8 $18)) 24. g4 hxg3 (24... Nxd4 $2 25. g5 fxg5 (25... f5 $2 26. g6 $18) 26. Nxg5 $18) 25. Nxg3 Qe8 $1 ({Minderwertig wäre} 25... Nxd4 26. Qh7+ Kf8 27. Qh8+ (27. Bg6 Bxa3 28. Qh8+ Ke7 $18) 27... Kf7 28. Bg6+ Kxg6 29. Qh5#) 26. Qg4 (26. Qxe8+ $11 {und Weiss muss sich keine Sorgen machen.} Rxe8 27. Nxf5 exf5 28. Bxf5) 26... Rxd4 $19 27. Bxf5 (27. Qe2 $142 Nxg3 28. fxg3) 27... Rxg4 28. Bxe6+ Kf8 $1 29. hxg4 {[%emt 0:00:25] [#]} Bc5 $1 30. Bd7 Qd8 {[%emt 0:00:00] Und jetzt ...Rc7 wäre schön.} 31. Ne4 Be7 32. Kc2 {[%emt 0:00:50] [#]} (32. Be3 $142 Kf7 (32... bxc4 $2 33. Nc5 $19) 33. c5) 32... Kf7 33. Bf5 {[%emt 0:00:59] Ein Fehler, der zur Niederlage führt.} (33. g5 $17) 33... Qh8 {[%emt 0:00:00] Droht ...Rd8 und aus.} 34. g5 {[%emt 0:00:30] g6+ ist eine echte Drohung.} Rd8 {[%emt 0:00:00] ...Rxd1 wäre nun fies.} ({Bloß nicht} 34... fxg5 35. Rd3 $19) 35. g6+ Kf8 {[%emt 0:00:00] Droht stark ...Rxd1.} 36. Re1 bxc4 37. Be3 Rd5 38. Ng3 {[%emt 0:00:42] [#]} Rxf5 39. Nxf5 {[%emt 0:00:24][%cal Oe3h6] Schwarz muss nun Bh6! beachten.} Qh5 {[%emt 0:00:07][%csl LRf5,LRg6] Gewichteter Fehlerwert: Weiß=0.34/Schwarz=0.21 (präzise) .  Verlustzug:     	Weiß=1     	---        Gewinn verpasst:   	---       	Schwarz=1     Fehler:       	Weiß=4     	Schwarz=1     Ungenau:       	Weiß=1     	---        OK:         	Weiß=11    	Schwarz=17    Bester:       	Weiß=1     	Schwarz=2     Stark:        	Weiß=1     	Schwarz=3} 0-1

[Event "4NCL Spring GM Round Robin 2024"]
[Site "Peterborough"]
[Date "2024.03.24"]
[Round "2.3"]
[White "Wadsworth, Matthew J"]
[Black "Teclaf, Pawel"]
[Result "1/2-1/2"]
[ECO "E15"]
[WhiteElo "2450"]
[BlackElo "2556"]
[Annotator "TA"]
[PlyCount "22"]
[EventDate "2024.03.22"]
[EventType "tourn"]
[EventCountry "ENG"]
[SourceTitle "playchess.com"]
[Source "ChessBase"]
[SourceQuality "1"]
[TimeControl "5400+30"]

1. d4 Nf6 2. c4 e6 3. Nf3 b6 4. g3 Bb4+ 5. Bd2 Be7 6. Bg2 c6 7. O-O d5 8. Bc3 Nbd7 9. Nbd2 Ba6 10. b3 O-O 11. Re1 c5 {[%emt 0:02:47] Hier war wenig los.   Gewichteter Fehlerwert: Weiß=0.06 (makellos) /Schwarz=0.12 (sehr präzise) .  OK:         	Weiß=1     	Schwarz=1} 1/2-1/2

[Event "4NCL Spring GM Round Robin 2024"]
[Site "Peterborough"]
[Date "2024.03.24"]
[Round "2.4"]
[White "Royal, Shreyas"]
[Black "Chow, Samuel"]
[Result "1-0"]
[ECO "A16"]
[WhiteElo "2457"]
[BlackElo "2356"]
[Annotator "TA"]
[PlyCount "73"]
[EventDate "2024.03.22"]
[EventType "tourn"]
[EventCountry "ENG"]
[SourceTitle "playchess.com"]
[Source "ChessBase"]
[SourceQuality "1"]
[TimeControl "5400+30"]

1. Nf3 Nf6 2. c4 g6 3. Nc3 Bg7 4. e4 e5 5. Nxe5 O-O 6. Nf3 {[%emt 0:00:05] A16: Englische Eröffnung.} Re8 7. d3 d5 8. cxd5 Nxd5 9. Bd2 $1 {[%emt 0:00:05] 9.Bd2 punktet besser als 9.Nxd5.} Bg4 10. Be2 Bxf3 11. gxf3 Nb4 12. Be3 N8c6 13. a3 Na6 14. Nb5 Nd4 15. Nxd4 Bxd4 16. h4 Qf6 $146 ({Predecessor:} 16... Nc5 17. f4 Ne6 18. Qd2 Bg7 19. h5 Nd4 20. hxg6 hxg6 21. Bd1 c5 22. Rc1 Rc8 {1-0 Indjic,A (2606)-Djukic,N (2517) FRM-chT 31st 2023 (6.1)}) 17. Rc1 Bxb2 18. d4 (18. Rc2 $5) 18... Bxc1 (18... Bxa3 19. Rb1 $14) 19. Qxc1 h5 20. e5 Qf5 21. Rg1 $1 c5 22. Rg5 Qh3 23. Qc4 (23. Qc2 $5 Kf8 (23... Qxh4 $2 24. Rxg6+ Kf8 25. Bh6+ Ke7 26. Bg5+ $18) 24. d5 $16) 23... Kg7 24. d5 Qh2 $2 ({Günstiger ist} 24... Qh1+ $14 25. Kd2 Qa1) 25. Qe4 $18 (25. Bxc5 $2 Rac8 (25... Rxe5 $2 26. Bd4 $18) (25... Nxc5 $2 26. Qxc5 Rxe5 27. Rxe5 $19) 26. Qd4 Nxc5 $19 (26... Rxc5 27. e6+ Kh7 28. Bd3 $11)) 25... Nc7 {[%emt 0:03:31] [#]} (25... Rad8 $142 26. Bd3 Kf8) 26. Bd3 $1 $18 (26. Bxc5 Rad8 27. Bd3 (27. Bxa7 $2 Qh1+ 28. Kd2 Rxd5+ 29. Bd3 Rxd3+ 30. Qxd3 Qxh4 $19) (27. e6 $2 Nxe6 28. dxe6 Rxe6 $19) 27... Kh8 $11 (27... Nxd5 28. Rxg6+ Kh7 29. Rf6+ Kh8 30. Qh7#) (27... Nxd5 28. Rxg6+ Kh7 29. Rf6+ Kh8 30. Qh7#)) 26... Kh8 27. Rxh5+ (27. Bxc5 f5 28. Qd4 Qxe5+ (28... Rxe5+ $2 29. Kd2 $18) 29. Kf1 Kh7 (29... Nxd5 $2 30. Bxf5 Nf6 31. Bxg6 $18) 30. Bxf5 gxf5 $11 (30... Qxd4 31. Bxg6+ Kh6 32. Bxd4 $16)) 27... Kg8 28. Rg5 (28. Qg4 $142 {[%cal Od3g6] jetzt Bxg6! und aus.} Rxe5 29. Bxg6) 28... Kh8 $18 29. f4 (29. Bxc5 Rad8 $11 (29... f5 30. Qd4 $16) (29... f5 30. Qd4 $16)) 29... Qxh4 $2 (29... Rad8) 30. Rg1 (30. Bxc5 Rad8 31. Rg1 (31. Bxa7 $2 Nxd5 32. Bc2 Qxf4 $19) 31... Kg8 $18 (31... Nxd5 $2 32. Rh1 $18)) 30... Kg7 31. Bxc5 $2 (31. d6 $18 {und der Rest ist Schweigen.}) 31... Rad8 $2 {[%emt 0:01:09][%mdl 8192] [#]} (31... Nxd5 $16 {ist eine bessere Verteidigung.} 32. Qxd5 Qxf4) 32. Bc4 $1 $18 (32. Bxa7 Nxd5 (32... Rxd5 33. Bb6 $17) 33. Be3 (33. Rxg6+ $2 fxg6 34. Qxg6+ Kh8 $19) 33... Nxe3 34. Qxe3 Rxd3 35. Qxd3 Qxf4 $17) 32... Qh5 (32... Nxd5 $142 33. Bxd5 Rxd5 34. Qxd5 Qxf4) 33. Bd4 (33. Bxa7 f5 34. Qg2 Qg4 $11) 33... Kf8 34. f5 (34. Bxa7 Kg7 35. Bd4 Rh8) 34... Qh6 (34... Qxf5 $142 35. Bc5+ Re7 36. Bxe7+ Kxe7 37. d6+ Kf8 38. Qxf5 (38. dxc7 $2 {ist ein Selbstmatt.} Qxe4+ 39. Be2 Qb1+) 38... gxf5 39. dxc7 Rc8) 35. Bc5+ $18 (35. Bxa7 $2 {zu gefräßig.} Qc1+ 36. Ke2 Qxg1 $19) 35... Kg7 36. Be3 (36. Bxa7 $2 {verliert.} Qc1+ 37. Ke2 Qxg1 $19) 36... Qh2 37. f6+ 1-0